 Dungeon Crawl Stone Soup version 0.29.1-15-g9cfb28693d (webtiles) character file.

Game seed: 4846146018175610919

30 Peloso the Shield-Bearer (level 3, 0/33 HPs)
             Began as a Minotaur Fighter on Mar 11, 2023.
             Slain by a gnoll
             ... wielding a +0 whip
              (7 damage)
             ... on level 2 of the Dungeon.
             The game lasted 00:01:16 (468 turns).

Peloso the Shield-Bearer (Minotaur Fighter)          Turns: 468, Time: 00:01:17

Health: 0/33       AC:  7    Str: 20    XL:     3   Next: 3%
Magic:  2/2        EV:  9    Int:  5    God:
Gold:   96         SH:  4    Dex: 11    Spells: 2/2 levels left

rFire   . . .      SeeInvis .   a - +0 long sword
rCold   . . .      Faith    .   c - +0 buckler
rNeg    . . .      Spirit   .   b - +0 scale mail
rPois   .          Reflect  .   (helmet restricted)
rElec   .          Harm     .   (no cloak)
rCorr   .          Rampage  .   (no gloves)
Will    .....                   (no boots)
Stlth   ..........              (no amulet)
HPRegen 0.11/turn               (no ring)
MPRegen 0.08/turn               (no ring)

@: no status effects
A: horns 2, retaliatory headbutt
a: no special abilities


You were on level 2 of the Dungeon.
You visited 1 branch of the dungeon, and saw 2 of its levels.

You collected 96 gold pieces.

Inventory:

Hand Weapons
 a - a +0 long sword (weapon)
Armour
 b - a +0 scale mail (worn)
 c - a +0 buckler (worn)
Jewellery
 h - an amulet of guardian spirit
Scrolls
 e - a scroll of teleportation {unknown}
 i - a scroll of identify {unknown}
 j - a scroll of enchant armour {unknown}
Potions
 d - a potion of might
 f - a potion of attraction {unknown}
 g - a potion of heal wounds {unknown}


   Skills:
 + Level 4.0 Fighting
 + Level 3.0 Long Blades
 + Level 3.8 Armour
 + Level 0.6 Dodging
 + Level 4.1 Shields


You had 2 spell levels left.
You didn't know any spells.
Your spell library was empty.

Dungeon Overview and Level Annotations

Branches:
Dungeon (2/15)

Altars:
Yredelemnul


Innate Abilities, Weirdness & Mutations

You have a pair of horns on your head.
You reflexively headbutt those who attack you in melee.


Message History

The gnoll is lightly wounded.
The gnoll hits you with a +0 club.
You hit the gnoll but do no damage. The gnoll barely misses you.
You slash the gnoll! Your headbutt misses the gnoll.
The gnoll is heavily wounded.
You block the gnoll's attack.
You hit the gnoll. Your headbutt misses the gnoll.
The gnoll is almost dead.
You block the gnoll's attack.
You hit the gnoll.
You kill the gnoll!
You block the gnoll's attack.
The gnoll hits you from afar with a +1 vorpal spear.
Your Long Blades skill increases to level 3!
You have reached level 3!
Your experience leads to an increase in your attributes!
Increase (S)trength, (I)ntelligence, or (D)exterity?
You feel agile. x2
You start putting on your amulet.
You continue putting on your amulet of guardian spirit.
You block the gnoll's attack.
Keep equipping yourself? [Y]es or [N]o only, please.
Keep equipping yourself? [Y]es or [N]o only, please.
Keep equipping yourself?
You stop putting on your amulet.
The gnoll hits you from afar with a +1 vorpal spear.
The gnoll attacks as you move away! The gnoll hits you with a +0 club.
A gnoll comes into view. It is wielding a +0 whip.
The gnoll shouts!
The gnoll closely misses you. The gnoll attacks as you move away!
The gnoll closely misses you. The gnoll hits you with a +0 whip.
The gnoll barely misses you. The gnoll attacks as you move away!
The gnoll barely misses you. The gnoll attacks as you move away!
The gnoll hits you with a +0 whip.
* * * LOW HITPOINT WARNING * * *
The gnoll attacks as you move away! The gnoll hits you with a +0 whip!
You die...

#.##.# #.##.# #.##.#
#.##g# #.##g# #.##.#
######.##.# #.#
#.gg.gg...# ##### #.#
##@####.####..## ....#
#.#....................#
<...#
#.#.######.####.#####.##
....# #.#
..............# ....#
#.# .#.####.#######
....# #.# #.# #.#
....###.#.# #.#.# #.#
........#.# #.#.# ##.#
........#.# #.#.###†.#


You could see 3 gnolls and a hobgoblin.

Vanquished Creatures
  A gnoll (D:2)
  2 dart slugs (D:2)
  A bat (D:2)
  2 endoplasms (D:2)
  A giant cockroach (D:2)
  A goblin (D:2)
  3 hobgoblins (D:2)
  A quokka (D:1)
  A frilled lizard (D:2)
  A kobold (D:1)
  A rat (D:1)
15 creatures vanquished.

Notes
Turn   | Place    | Note
-------+----------+-------------------------------------------
     0 | D:1      | Peloso the Minotaur Fighter began the quest for the Orb.
     0 | D:1      | Reached XP level 1. HP: 19/19 MP: 0/0
    93 | D:1      | You fall into a shaft and drop 1 floor!
   251 | D:2      | Found a basalt altar of Yredelemnul.
   291 | D:2      | Reached XP level 2. HP: 27/27 MP: 1/1
   458 | D:2      | Reached XP level 3. HP: 22/33 MP: 2/2
   468 | D:2      | Slain by a gnoll

Illustrated notes

Levels and vault maps discovered:
D:1:      lemuel_arrival_behind_the_door_small, layout_basic
D:2:      layout_basic, basic_altar

Skill      XL: |  1  2 |
---------------+-------+-----
Shields        | 4 |  4.1
Fighting       | 4 |  4.0
Long Blades    | 3 |  3.0
Armour         | |  3.8
Dodging        | |  0.6

Action                   || total
-------------------------++-------
Melee: Long sword        ||    40
       Headbutt          ||     3
Armor: Scale mail        ||    15
Dodge: Dodged            ||    15
Block: Buckler           ||    12
